AoeStats
← High T

Arabia

503246795Analyzed
1v1 RM · 1mo ago on Aug 30, 2026· 48m 16s· 2 players
Game mode
Random Map
Map size
Tiny (2 player)
Population
200
Speed
Normal
Resources
Standard
Victory
Conquest
Starting age
Dark Age
Ending age
Imperial Age
RankedLock teamsTeams togetherTeam positionsShared explorationLock speedFull tech treeHidden civsTurbo modeCheats
Victory
Defeat
🇨🇴 Franks · Colombia
869
+16
🇧🇪 Maya · Belgium
862
-42
High T
5:11 Loom
12:26 Feudal Age
17:19 Horse Collar
18:50 Forging
18:41 Scale Mail Armor
23:56 Castle Age
23:37 Double-Bit Axe
27:16 Eagle Warrior
28:56 Wheelbarrow
28:27 Heavy Plow
28:20 Gold Mining
28:21 Stone Mining
30:09 Iron Casting
33:31 Hul'che Javelineers
33:32 Fletching
36:10 Hand Cart
36:24 Bodkin Arrow
36:48 Chain Mail Armor
38:48 Bow Saw
42:18 Imperial Age
40:03 Padded Archer Armor
40:35 Pikeman
44:44 Bracer
44:59 Leather Archer Armor
totonois
5:24 Loom
11:28 Feudal Age
16:43 Castle Age
15:06 Double-Bit Axe
21:35 Forging
22:35 Scale Mail Armor
26:46 Town Watch
32:32 Imperial Age
30:42 Scale Barding Armor
33:25 Gold Mining
35:17 Light Cavalry
35:58 Husbandry
35:22 Cavalier
37:59 Chain Barding Armor
38:59 Iron Casting
38:54 Conscription
46:08 Elite Skirmisher
46:40 Fletching
46:50 Padded Archer Armor
Connection lost

Rejoining the realm…

Still unreachable

The connection could not be restored.

Session expired

The server has moved on; the page needs a fresh start.